 Dungeon Crawl Stone Soup version 0.29.0-4-gdea44cf6ec (webtiles) character file.

Game seed: 3434958906330851361

58 qw the Chopper (level 4, -1/42 HPs)
             Began as an Ogre Enchanter on Sept 4, 2022.
             Slain by Natasha (4 damage)
             ... on level 2 of the Dungeon.
             The game lasted 00:00:54 (2431 turns).

qw the Chopper (Ogre Enchanter)                     Turns: 2431, Time: 00:00:55

Health: -1/42      AC:  3    Str: 14    XL:     4   Next: 1%
Magic:  7/7        EV:  9    Int: 16    God:
Gold:   77         SH:  0    Dex:  9    Spells: 7/7 levels left

rFire   . . .      SeeInvis .   Y - +0 hand axe
rCold   . . .      Faith    .   (no shield)
rNeg    . . .      Spirit   .   b - +0 robe
rPois   .          Reflect  .   (helmet restricted)
rElec   .          Harm     .   (no cloak)
rCorr   .          Rampage  .   (gloves unavailable)
Will    .....                   (boots unavailable)
Stlth   ++........              (no amulet)
HPRegen 0.14/turn               (no ring)
MPRegen 0.10/turn               (no ring)

@: slowed, very slow
A: large, unfitting armour, tough skin 1
a: no special abilities


You were on level 2 of the Dungeon.
You visited 1 branch of the dungeon, and saw 2 of its levels.

You collected 77 gold pieces.


Innate Abilities, Weirdness & Mutations

You are too large for most types of armour.
You have tough skin. (AC +1)


   Skills:
 + Level 2.1 Fighting
 - Level 0.8 Short Blades
 - Level 3.0 Axes
 - Level 1.7 Dodging
 - Level 2.1 Stealth
 - Level 2.4 Spellcasting
 - Level 2.6 Hexes


You had 7 spell levels left.
You didn't know any spells.
Your spell library contained the following spells:

 Spells                   Type           Power      Damage    Failure   Level
 Ensorcelled Hibernation  Hex/Ice        12%        N/A       17%         2
 Confusing Touch          Hex            10%        N/A       21%         3
 Tukima's Dance           Hex            10%        N/A       21%         3
 Dazzling Flash           Conj/Hex       12%        N/A       34%         3

Inventory:

Hand Weapons
 f - a +0 club
 Y - a +0 hand axe (weapon)
Armour
 b - a +0 robe (worn)
Jewellery
 g - a ring of fire
Scrolls
 a - a scroll of fog {unknown}
 c - a scroll of teleportation {unknown}
 e - a scroll of identify
Potions
 d - a potion of haste {unknown}

Dungeon Overview and Level Annotations

Branches:
Dungeon (2/15)

Altars:

Annotations:
D:2 Natasha


Message History

Natasha drinks a potion.
Natasha flickers and vanishes!
Deactivating autopickup; reactivate with Ctrl-A.
You hit something. Something claws you.
You hit something. Something claws you.
You barely miss something. Something claws you!
You miss something. Something claws you but does no damage.
You miss something. Something claws you!
You miss something. Something claws you!
You hear some strange, mumbled words.
A magic dart appears from out of thin air!
The magic dart hits you!
2425 ||| Stepping ~*~*~tactically~*~*~ (stealth).
A jackal comes into view.
An endoplasm and a hobgoblin come into view.
Something claws you but does no damage. Something claws you but does no damage.
A jackal comes into view.
Found a whip and a hand axe.
The jackal barks!
A jackal comes into view.
You hear some strange, mumbled words.
You feel yourself slow down.
2428 ||| Stepping ~*~*~tactically~*~*~ (stealth).
A jackal comes into view.
The jackal barks! x2
The jackal bites you.
The jackal bites you but does no damage.
The jackal barks!
2430 ||| Stepping ~*~*~tactically~*~*~ (stealth).
The jackal attacks as you move away! The jackal bites you.
You hear some strange, mumbled words.
You closely miss something. Something claws you.
You die...

# #..........
#......#.#. ######
#..........##...#.##.#.
.....##
#.......#####...#.##.#.
......# ##......#
#...#.##...
.%...g######..#####
#...#.##### ..........#
.)# #. #.# #
....##.##+####)# #.# #
....##.......#.#####
##.### #
.............#..@$.#
#....# #
.....##......#5.##.#
#....#
.....##.........h..#
#....#
.....#####....#.#..h#
#....# ##...#
#........hh.# #....# #.
#....#.#.+#g.. #....#
#.......... .. #....#
#....#.#.... . #....##
+....+.#.... #.###..(#


You could see an iron imp (summoned).

Vanquished Creatures
  An adder (D:2)
  A dart slug (D:1)
  3 ball pythons
  5 endoplasms
  10 giant cockroaches
  5 goblins
  4 hobgoblins
  A quokka (D:1)
  4 bats (D:1)
  3 frilled lizards
  A kobold (D:1)
  4 rats
42 creatures vanquished.

Notes
Turn   | Place    | Note
-------+----------+-------------------------------------------
     0 | D:1      | qw the Ogre Enchanter began the quest for the Orb.
     0 | D:1      | Reached XP level 1. HP: 16/16 MP: 3/3
     0 | D:1      | 0 ||| qw: Version: 0.1-a-102-g441f92d
     0 | D:1      | 0 ||| qw: Game counter: 5332
     0 | D:1      | 0 ||| qw: Always use a shield: true
     0 | D:1      | 0 ||| qw: God list: Okawaru
     0 | D:1      | 0 ||| qw: Allow faded altars: false
     0 | D:1      | 0 ||| qw: Do Orc after D:15 true
     0 | D:1      | 0 ||| qw: Do second Lair branch before Depths: true
     0 | D:1      | 0 ||| qw: Lair rune preference: random
     0 | D:1      | 0 ||| qw: Plans: Normal
     0 | D:1      | 0 ||| PLANNING D:1-11
    64 | D:1      | 64 ||| SWAPPING to +0 club.
    65 | D:1      | 65 ||| DROPPING +1 dagger.
   223 | D:1      | 223 ||| Stepping ~*~*~tactically~*~*~ (hiding).
   229 | D:1      | Reached skill level 1 in Axes
   271 | D:1      | Reached XP level 2. HP: 23/26 MP: 5/5
   309 | D:1      | Reached skill level 1 in Fighting
   554 | D:1      | Found a faded altar of an unknown god.
   569 | D:1      | 569 ||| Stepping ~*~*~tactically~*~*~ (stealth).
   574 | D:1      | 574 ||| Stepping ~*~*~tactically~*~*~ (stealth).
   596 | D:1      | Reached skill level 2 in Axes
   751 | D:1      | 751 ||| SWAPPING to +0 hand axe.
   754 | D:1      | 754 ||| Stepping ~*~*~tactically~*~*~ (stealth).
   757 | D:1      | 757 ||| Stepping ~*~*~tactically~*~*~ (stealth).
   772 | D:1      | Reached XP level 3. HP: 35/35 MP: 6/6
   793 | D:1      | 793 ||| Stepping ~*~*~tactically~*~*~ (stealth).
   794 | D:1      | 794 ||| Stepping ~*~*~tactically~*~*~ (stealth).
   796 | D:1      | 796 ||| Stepping ~*~*~tactically~*~*~ (stealth).
  1362 | D:1      | 1362 ||| READING scroll labelled LERHUMPOPS.
  1363 | D:1      | 1363 ||| READING scroll labelled EJIMAIL HOORAK.
  1364 | D:1      | 1364 ||| DROPPING 2 potions of invisibility.
  1365 | D:1      | 1365 ||| Stepping randomly (stuck).
  1366 | D:1      | 1366 ||| Stepping ~*~*~tactically~*~*~ (cloud).
  1621 | D:2      | 1621 ||| Stepping ~*~*~tactically~*~*~ (stealth).
  1977 | D:2      | 1977 ||| Stepping ~*~*~tactically~*~*~ (stealth).
  1978 | D:2      | 1978 ||| Stepping ~*~*~tactically~*~*~ (stealth).
  2006 | D:2      | HP: 8/35 [poisoned by an adder]
  2009 | D:2      | HP: 2/35 [poisoned by an adder]
  2010 | D:2      | Reached skill level 3 in Axes
  2010 | D:2      | Reached XP level 4. HP: 3/42 MP: 7/7
  2315 | D:2      | Noticed Natasha
  2316 | D:2      | 2316 ||| Stepping ~*~*~tactically~*~*~ (hiding).
  2424 | D:2      | HP: 4/42 [something/magic dart (7)]
  2425 | D:2      | 2425 ||| Stepping ~*~*~tactically~*~*~ (stealth).
  2428 | D:2      | 2428 ||| Stepping ~*~*~tactically~*~*~ (stealth).
  2429 | D:2      | HP: 4/42 [jackal (1)]
  2430 | D:2      | 2430 ||| Stepping ~*~*~tactically~*~*~ (stealth).
  2431 | D:2      | Slain by Natasha

Levels and vault maps discovered:
D:1:      nzn_arrival_settlement, layout_loops_ring, basic_ecumenical_altar,
          minmay_worlds_worst_comb
D:2:      layout_basic, serial_glass, glass_columns_a, glass_columns_a,
          kennysheep_big_empty_room, uniq_crazy_yiuf_cottage, uniq_natasha

Skill      XL: |  1  2  3 |
---------------+----------+-----
Axes           | 1 2 3 |  3.0
Fighting       | 1 2 |  2.1
Short Blades   | |  0.8
Dodging        | |  1.7
Stealth        | |  2.1
Spellcasting   | |  2.4
Hexes          | |  2.6

Action                   |  1- 3 |  4- 6 || total
-------------------------+-------+-------++-------
Melee: Club              |    59 |       ||    59
       Dagger            |     7 |       ||     7
       Hand axe          |    89 |     7 ||    96
       Punch             |     1 |       ||     1
  Use: Scroll            |     2 |       ||     2
Armor: Robe              |    62 |     4 ||    66
Dodge: Dodged            |    64 |       ||    64

Table legend:
 A = Non-vault XP
 B = Vault XP
 C = Vault XP percentage of total XP
 D = Non-vault monster count
 E = Vault monster count
 F = Vault count percentage of total count
                 A         B        C        D         E       F
            +---------+---------+-------+---------+---------+-------
      Total |      71 |      12 |  14.5 |      36 |       6 |  14.3
            +---------+---------+-------+---------+---------+-------
        D:1 |      45 |      12 |  21.1 |      27 |       6 |  18.2
        D:2 |      26 |       0 |   0.0 |       9 |       0 |   0.0
            +---------+---------+-------+---------+---------+-------
